 Dungeon Crawl Stone Soup version 0.28.0-53-g5a82cb258f (webtiles) character file.

Game seed: 4236216727847798365

6869 Metae the Fighter (level 10, -3/99 HPs)
             Began as a Minotaur Fighter on July 6, 2022.
             Was an Elder of Okawaru.
             Slain by a yak (13 damage)
             ... on level 9 of the Dungeon.
             The game lasted 00:37:59 (8574 turns).

Metae the Fighter (Minotaur Fighter)                Turns: 8574, Time: 00:38:00

Health: -3/99      AC: 19    Str: 25    XL:     10   Next: 78%
Magic:  13/13      EV:  9    Int:  5    God:    Okawaru [****..]
Gold:   425        SH: 10    Dex: 10    Spells: 9/9 levels left

rFire   + + .      SeeInvis +   a - +0 war axe
rCold   . . .      Faith    .   c - +0 buckler
rNeg    . . .      Spirit   .   I - +2 plate armour {rPois}
rPois   +          Reflect  +   (helmet restricted)
rElec   .          Harm     .   (no cloak)
rCorr   .          Rampage  .   (no gloves)
Will    .....                   g - +0 pair of boots
Stlth   ..........              u - amulet of Plog {Reflect rF++ SH+5 SInv}
HPRegen 0.26/turn               (no ring)
MPRegen 0.13/turn               (no ring)

@: heroic
A: horns 2, retaliatory headbutt
a: Renounce Religion, Heroism, Finesse


You were on level 9 of the Dungeon.
You worshipped Okawaru.
Okawaru was greatly pleased with you.
You visited 2 branches of the dungeon, and saw 10 of its levels.

You collected 425 gold pieces.

Inventory:

Hand Weapons
 a - a +0 war axe (weapon)
 j - a +2 scimitar of flaming
 o - a +2 vorpal mace
 s - a +0 hand crossbow
 C - a +0 fustibalus
Missiles
 t - 100 bolts
 z - 69 sling bullets
Armour
 c - a +0 buckler (worn)
 g - a +0 pair of boots (worn)
 I - a +2 plate armour of poison resistance (worn)
Jewellery
 i - an amulet of regeneration
 u - the amulet of Plog (around neck) {Reflect rF++ SH+5 SInv}
   (You took it off a goblin on level 4 of the Dungeon)

   [amulet of reflection]

   It reflects blocked missile attacks.
   rF:        It greatly protects you from fire.
   SInv:      It lets you see invisible.
   SH:        It affects your SH (+5).
Wands
 A - a wand of paralysis (2)
 F - a wand of flame (8)
 G - a wand of iceblast (7)
Scrolls
 f - 10 scrolls of vulnerability
 k - 2 scrolls of fear
 q - 4 scrolls of noise
 v - a scroll of silence {unknown}
 w - 2 scrolls of brand weapon {unknown}
 x - a scroll of fog {unknown}
 y - a scroll of blinking {unknown}
 B - 5 scrolls of enchant weapon
 D - a scroll of teleportation {unknown}
 E - a scroll of magic mapping {unknown}
Potions
 d - a potion of might
 e - 5 potions of brilliance
 h - 2 potions of mutation
 l - 2 potions of berserk rage
 m - 4 potions of lignification
 n - a potion of curing
 p - a potion of magic
 H - a potion of haste {unknown}


   Skills:
 + Level 12.3(17.3) Fighting
 + Level 12.1(17.1) Axes
 + Level 8.3(13.3) Armour
 - Level 3.6(8.6) Shields
 + Level 6.1 Invocations


You had 9 spell levels left.
You didn't know any spells.
Your spell library contained the following spells:

 Spells                   Type           Power      Damage    Failure   Level
 Static Discharge         Conj/Air       0%         N/A       100%        2
 Dispel Undead            Necr           0%         3d6       100%        4
 Sticky Flame             Conj/Fire      0%         2d3       100%        4


Dungeon Overview and Level Annotations

Branches:
Dungeon (9/15)             Temple (1/1) D:5            Lair (0/6) D:9
    Orc: D:9-12

Altars:
Ashenzari
Cheibriados
Dithmenos
Elyvilon
Fedhas
Gozag
Hepliaklqana
Kikubaaqudgha
Nemelex Xobeh
Okawaru
Qazlal
Ru
Sif Muna
Trog
Uskayaw
Vehumet
Wu Jian
Xom
Yredelemnul
Zin
The Shining One


Innate Abilities, Weirdness & Mutations

You have a pair of horns on your head.
You reflexively headbutt those who attack you in melee.


Message History

The yak is almost dead.
You block the yak's attack.
You slice the yak!!
You kill the yak!
Okawaru accepts your kill.
You can now speed up your combat.
Your base Axes skill increases to level 12!
Your Invocations skill increases to level 6!
You slash the yak! Your headbutt misses the yak.
The yak is moderately wounded.
You block the yak's attack.
You completely miss the yak.
The yak is moderately wounded.
You hit the yak but do no damage. Your headbutt misses the yak.
The yak is moderately wounded.
The yak gores you!
* * * LOW HITPOINT WARNING * * *
You slash the yak! Your headbutt misses the yak.
The yak is heavily wounded.
The yak gores you!
* * * LOW HITPOINT WARNING * * *
You slash the yak!
The yak is severely wounded.
You block the yak's attack.
You slice the yak!!
You kill the yak!
Okawaru accepts your kill.
You barely miss the basilisk. You slice the basilisk!!
The basilisk is heavily wounded.
The basilisk gazes at you. You resist with some effort.
You slash the basilisk! You headbutt the basilisk!
You kill the basilisk!
Okawaru accepts your kill.
You completely miss the yak. You headbutt the yak!
The yak is moderately wounded.
You slash the yak!
The yak is heavily wounded.
The yak gores you!
You die...

#
#####################
........@Y...........
.....######).<.......
... #.......... .
#Y.#....... #.. ...
#..#.....>. ...
.....######Y.#.......
...
#.................
###
#.................
#'####'##.########


You could see a yak.

Vanquished Creatures
  Erica (D:8)
  A death yak (D:9)
  A two-headed ogre (D:8)
  An ugly thing (D:8)
  Pikel (D:4)
  A troll (D:9)
  A hornet (D:8)
  A slime creature (D:8)
  A wyvern (D:6)
  3 yaks (D:9)
  A basilisk (D:9)
  2 steam dragons
  Edmund (D:4)
  Menkaure (D:6)
  2 water moccasins
  An orc warrior (D:9)
  A black bear (D:8)
  An ice beast (D:8)
  A necrophage (D:4)
  2 centaurs
  A lemure (D:4)
  A phantom (D:4)
  4 scorpions
  A wyvern skeleton (D:7)
  A water moccasin zombie (D:5)
  3 killer bees (D:8)
  4 wights (D:7)
  2 howler monkeys
  2 bullfrog zombies
  2 hounds
  A centaur zombie (D:8)
  2 jellies
  A gnoll shaman (D:5)
  3 orc priests
  A bullfrog skeleton (D:5)
  An iguana (D:5)
  7 orc wizards
  A hound zombie (D:5)
  Robin (D:2)
  15 gnolls
  10 adders
  A white imp (D:6)
  2 dart slugs
  26 orcs
  11 ball pythons
  5 endoplasms
  4 giant cockroaches
  8 hobgoblins
  9 jackals
  9 kobolds
  2 quokkas
  3 bats
  5 frilled lizards
  15 goblins
  A rat (D:1)
190 creatures vanquished.

Vanquished Creatures (others)
  A bush (D:8)
  4 fungi (D:9)
  11 plants
16 creatures vanquished.

Grand Total: 206 creatures vanquished

Notes
Turn   | Place    | Note
-------+----------+-------------------------------------------
     0 | D:1      | Metae the Minotaur Fighter began the quest for the Orb.
     0 | D:1      | Reached XP level 1. HP: 19/19 MP: 0/0
    15 | D:1      | Found a faded altar of an unknown god.
    91 | D:1      | Reached XP level 2. HP: 25/27 MP: 1/1
   156 | D:1      | You fall into a shaft and drop 1 floor!
   191 | D:2      | Noticed Robin
   596 | D:2      | Reached XP level 3. HP: 19/34 MP: 2/2
   989 | D:2      | Killed Robin
  1001 | D:2      | Reached XP level 4. HP: 41/41 MP: 3/3
  1080 | D:2      | Found a snail-covered altar of Cheibriados.
  1572 | D:3      | Reached skill level 5 in Fighting
  1784 | D:3      | Found a shimmering blue altar of Sif Muna.
  2120 | D:4      | Noticed a necrophage
  2127 | D:4      | Killed a necrophage
  2128 | D:4      | Reached skill level 5 in Axes
  2128 | D:4      | Reached XP level 5. HP: 48/50 MP: 4/4
  2144 | D:4      | Reached XP level 6. HP: 45/57 MP: 5/5
  2239 | D:4      | Noticed Edmund
  2277 | D:4      | Killed Edmund
  2688 | D:4      | Found a bloodstained altar of Trog.
  2714 | D:4      | Reached XP level 7. HP: 66/66 MP: 6/6
  2728 | D:4      | Identified the amulet of Plog {Reflect rF++ SH+5 SInv}
  2773 | D:4      | Found a sacrificial altar of Ru.
  2773 | D:4      | Found a hazy altar of Hepliaklqana.
  2773 | D:4      | Found a basalt altar of Yredelemnul.
  2773 | D:4      | Found a sparkling altar of Nemelex Xobeh.
  2979 | D:4      | Noticed Pikel
  3019 | D:4      | Killed Pikel
  3295 | D:5      | Entered Level 5 of the Dungeon
  3309 | D:5      | Found a stormy altar of Qazlal.
  3332 | D:5      | Reached XP level 8. HP: 59/77 MP: 7/7
  3378 | D:5      | Found a staircase to the Ecumenical Temple.
  3388 | Temple   | Entered the Ecumenical Temple
  3616 | Temple   | Became a worshipper of Warmaster Okawaru
  4098 | D:5      | Found an ornate altar of the Wu Jian Council.
  4414 | D:5      | Found a glowing silver altar of Zin.
  4796 | D:6      | Noticed Menkaure
  4803 | D:6      | Killed Menkaure
  4803 | D:6      | Reached * piety under Okawaru
  4804 | D:6      | Reached skill level 10 in Fighting
  4822 | D:6      | Reached skill level 1 in Invocations
  4953 | D:6      | Found a snail-covered altar of Cheibriados.
  4955 | D:6      | Found an iron altar of Okawaru.
  4955 | D:6      | Found a radiant altar of Vehumet.
  4957 | D:6      | Found a white marble altar of Elyvilon.
  4957 | D:6      | Found a shimmering altar of Xom.
  4957 | D:6      | Found an ornate altar of the Wu Jian Council.
  5009 | D:6      | Reached XP level 9. HP: 60/85 MP: 9/9
  5252 | D:6      | Reached skill level 10 in Axes
  5608 | D:7      | Reached skill level 5 in Armour
  5754 | D:7      | Reached ** piety under Okawaru
  6894 | D:8      | Paralysed by a hornet for 3 turns
  7079 | D:8      | Noticed a cyan ugly thing
  7137 | D:8      | Killed a cyan ugly thing
  7623 | D:8      | Noticed Erica
  7668 | D:8      | Killed Erica
  7669 | D:8      | Reached XP level 10. HP: 8/96 MP: 9/12
  8149 | D:9      | Reached skill level 5 in Invocations
  8172 | D:9      | Reached *** piety under Okawaru
  8277 | D:9      | Noticed a two-headed ogre
  8315 | D:8      | Killed a two-headed ogre
  8519 | D:9      | Found a staircase to the Lair.
  8521 | D:9      | Noticed a death yak
  8557 | D:9      | Killed a death yak
  8563 | D:9      | Reached **** piety under Okawaru
  8574 | D:9      | Slain by a yak

Illustrated notes

Levels and vault maps discovered:
D:1:      mrwooster_arrival_statue_2, layout_rooms, basic_ecumenical_altar
D:2:      cheibrodos_old_hovel, layout_basic, basic_altar, uniq_robin
D:3:      layout_basic, mainiacjoe_overflow_alcove_2, minmay_strange_pillars
D:4:      cheibrodos_helix_gallery, layout_basic,
          mainiacjoe_overflow_small_starburst, grunt_temple_overflow_cloverleaf,
          minmay_misc_feat_tower, minmay_bent, uniq_edmund, uniq_pikel
D:5:      layout_rooms, zin_treasury, mainiacjoe_overflow_six_doors_small,
          mainiacjoe_overflow_brackets, minmay_temple_entry_statues_pillars,
          kennysheep_boxes
D:6:      layout_cave_pools, doesnt_xom_only_xom, uniq_menkaure
D:7:      layout_basic, hangedman_glass_teeth,
          minmay_a_box_with_orc_wizards_in_it
D:8:      layout_basic, kb_lookout_dungeons_type, uniq_erica
D:9:      minmay_the_grid_square_5x5_3x3 [minmay_the_grid_square_5x5_longway,
          minmay_the_grid_square_5x5_slash,
          minmay_the_grid_square_5x5_half_checkered,
          minmay_the_grid_square_5x5_detours,
          minmay_the_grid_square_5x5_megaprize_hollow,
          minmay_the_grid_square_5x5_bracketed,
          minmay_the_grid_square_5x5_checkered,
          minmay_the_grid_square_5x5_broken_cross,
          minmay_the_grid_square_5x5_almost_minimal], layout_stronghold,
          amcnicky_altar_gilded, david_lair_generic
Temple:   grunt_temple_mini_profane

Skill      XL: |  1  2  3  4  5  6  7  8  9 10 |
---------------+-------------------------------+-----
Fighting       | 4 5 6 7 8 10 11 12 | 12.3
Axes           | 3 4 5 6 8 9 11 12 | 12.1
Armour         | 4 6 8 |  8.3
Invocations    | 1 4 6 |  6.1
Shields        | |  3.6

Action                   |  1- 3 |  4- 6 |  7- 9 | 10-12 || total
-------------------------+-------+-------+-------+-------++-------
Melee: War axe           |    62 |   106 |   329 |    89 ||   586
       Headbutt          |     7 |    14 |    53 |    18 ||    92
Invok: Heroism           |       |       |     2 |     1 ||     3
  Use: Scroll            |       |       |     9 |       ||     9
       Potion            |       |       |     3 |     1 ||     4
 Stab: Sleeping          |       |     1 |       |       ||     1
Armor: Scale mail        |    34 |    20 |       |       ||    54
       Animal skin       |       |    11 |       |       ||    11
       Chain mail        |       |    18 |   175 |    14 ||   207
       Plate armour      |       |       |       |    14 ||    14
Dodge: Dodged            |    33 |    43 |   125 |    35 ||   236
Block: Buckler           |    17 |    24 |    63 |    24 ||   128
